 Dungeon Crawl Stone Soup version 0.19.5 (webtiles) character file.

320235 galech the Hoplite (level 20, -2/189 HPs)
             Began as a Minotaur Fighter on Mar 10, 2017.
             Was the Champion of Makhleb.
             Killed from afar by a raiju (8 damage)
             ... with a living lightning
             ... on level 3 of the Abyss.
             The game lasted 01:57:52 (40383 turns).

galech the Hoplite (Minotaur Fighter)              Turns: 40383, Time: 01:57:53

Health: -2/189     AC: 38    Str: 23    XL:     20   Next: 62%
Magic:  28/28      EV: 11    Int: -3 (3) God:    Makhleb [******]
Gold:   3058       SH: 33    Dex: 22    Spells: 0 memorised, 19 levels left

rFire  . . .     SeeInvis .     O - +9 scimitar (elec)
rCold  . . .     Gourm    .     q - +3 crystal plate armour
rNeg   . . .     Faith    .     l - +2 large shield {AC+3}
rPois  .         Spirit   .     H - +1 hat
rElec  .         Reflect  .     y - +1 cloak
rCorr  +         Harm     +     o - +0 pair of gloves
MR     +....                    b - +0 pair of boots
Stlth  ..........               I - amulet of harm
                                L - ring "Ydyron" {rCorr MP+9}
                                E - +5 ring of dexterity

@: slowed, lost intelligence, studying Short Blades, very slow
A: retaliatory headbutt, horns 2, talons 1, large bone plates 1, deterioration
1, dopey 1, sense surroundings 1, shaggy fur 1, slow regeneration 1, MP-powered
wands, sturdy frame 1
a: Minor Destruction, Lesser Servant of Makhleb, Major Destruction, Greater
Servant of Makhleb, Renounce Religion
}: 2/15 runes: decaying, serpentine


You were on level 3 of the Abyss.
You worshipped Makhleb.
Makhleb was exalted by your worship.
You were not hungry.

You visited 8 branches of the dungeon, and saw 37 of its levels.
You visited the Abyss 2 times.
You visited 1 bazaar.
You also visited: Ice Cave and Volcano.

You collected 4396 gold pieces.
You spent 1338 gold pieces at shops.

Inventory:

Hand Weapons
 t - a +4 double sword of electrocution
 O - a +9 scimitar of electrocution (weapon)
Armour
 b - a +0 pair of boots (worn)
 e - +0 ice dragon scales
 l - a +2 large shield of protection (worn)
 o - a +0 pair of gloves (worn)
 q - a +3 crystal plate armour (worn)
 y - a +1 cloak (worn)
 H - a +1 hat (worn)
 Z - a +4 plate armour of fire resistance
Jewellery
 j - an uncursed ring of positive energy
 B - an uncursed amulet of guardian spirit
 C - an uncursed ring of stealth
 E - a +5 ring of dexterity (left hand)
 I - an amulet of harm (around neck)
 L - the ring "Ydyron" (right hand) {rCorr MP+9}
   (You found it on level 6 of the Lair of Beasts)

   [ring of resist corrosion]

   It affects your magic capacity (+9).
 P - an uncursed ring of protection from cold
 U - an uncursed ring of protection from fire
 V - a +4 ring of protection
Wands
 N - a wand of digging (24/24)
Scrolls
 a - 2 scrolls of summoning
 d - 5 scrolls of holy word
 g - 14 scrolls of remove curse
 s - 3 scrolls of blinking
 A - 4 scrolls of teleportation
 J - 8 scrolls of amnesia
 M - 2 scrolls of silence
 Q - 6 scrolls of magic mapping
 T - a scroll of brand weapon
 Y - 5 scrolls of identify
Potions
 c - 6 potions of haste
 h - 2 potions of brilliance
 i - 2 potions of beneficial mutation
 k - 2 potions of cure mutation
 p - 4 potions of cancellation
 r - 6 potions of flight
 u - a potion of invisibility
 v - a potion of agility
 x - 4 potions of mutation
 F - 17 potions of curing
 R - 2 potions of might
 S - a potion of resistance
 X - 4 potions of berserk rage
Books
 m - a manual of Short Blades
Comestibles
 f - 9 bread rations
 n - 11 slices of pizza
 w - 12 meat rations
 D - 3 beef jerkies
 G - 28 fruits


   Skills:
 + Level 18.9 Fighting
 + Level 20.2 Long Blades
 + Level 15.8 Armour
 + Level 7.1 Dodging
 + Level 2.7 Stealth
 + Level 26.7 Shields


You had 19 spell levels left.
You didn't know any spells.

Dungeon Overview and Level Annotations

Branches:
Dungeon (15/15)            Temple (1/1) D:7            Lair (6/6) D:8
  Swamp (4/4) Lair:3        Snake (4/4) Lair:3        Slime (0/5) Lair:5
    Orc (2/2) D:9             Elf (3/3) Orc:2        Vaults (2/5) D:14
 Depths (0/5) D:15
  Crypt: Vaults:2-3

Altars:
Ashenzari
Cheibriados
Dithmenos
Elyvilon
Fedhas
Gozag
Kikubaaqudgha
Makhleb
Nemelex Xobeh
Qazlal
Ru
Sif Muna
Trog
Uskayaw
Vehumet
Yredelemnul
Zin
Beogh
Jiyva

Shops:
D:4 [   D:5 *   Orc:1 :   Orc:2 (:*?   Elf:1 %   Snake:4 %

Portals:
Pandemonium: Orc:2


Innate Abilities, Weirdness & Mutations

You reflexively headbutt those who attack you in melee.
You have a pair of horns on your head.
You have sharp toenails.
You are partially covered in large bone plates. (SH +4)
Your body sometimes deteriorates upon taking damage.
You are dopey. (Int -2)
You passively map a small area around you.
You are covered in fur. (AC +1)
You regenerate slowly when monsters are visible.
You expend magic power (3 MP) to strengthen your wands.
Your movements are slightly less encumbered by armour. (ER -2)


Message History

The living lightning hits the raiju.
The raiju completely resists.
The raiju blinks! x3; You block the raiju's attack.
Your crystal plate armour prevents you from hitting the raiju.
The raiju is lightly wounded.
You block the raiju's attack. x2
You hit the raiju. You headbutt the raiju!
The raiju is heavily wounded.
You block the raiju's attack. x2
You hit the raiju but do no damage.
The raiju is heavily wounded.
The raiju bursts into living lightning!
The living lightning misses you. The living lightning hits you!
* * * LOW HITPOINT WARNING * * *
The living lightning hits the raiju.
The raiju completely resists.
The raiju blinks! x3
The raiju bursts into living lightning!
The living lightning hits you!
* * * LOW HITPOINT WARNING * * *
The living lightning hits you!
You die...

. . # # #
. #. .# .
# . # .
... #.# #
. .. . .
# .....#
.
.##...#.#
.#
##.......
# ##hh..#
. . #
#@h#.. .
...
####.#
###.# # .
.# . .
.... ...
....# ###
.


ยงยง # ## # #. You could see 3 raiju.

Vanquished Creatures
  Vashnia (Snake:2)
  A bone dragon (Abyss:3)
  Jorgrun (Snake:2)
  Rupert (Lair:4)
  2 deep elf blademasters
  Frances (Snake:2)
  A deep elf master archer (Elf:3)
  3 tentacled starspawn (Abyss:3)
  Gastronok (Lair:2)
  The ghost of SkullSpatter the Warrior, an adept MiBe of Trog (Elf:1)
  2 thorn hunters
  7 nagarajas
  4 deep elf sorcerers
  An orc warlord (Orc:2)
  6 vault wardens (Vaults:1)
  Louise (Snake:1)
  Aizul (Snake:1)
  2 deep elf elementalists
  A caustic shrike zombie (D:15)
  An angel (Abyss:3)
  A stone giant (Vaults:1)
  3 ironheart preservers (Vaults:1)
  6 deep elf demonologists
  5 deep elf annihilators
  4 deep elf death magi
  A fire dragon (Vaults:2)
  A yaktaur captain (Vaults:1)
  24 slime creatures
  4 deep elf high priests (Elf:3)
  2 great orbs of eyes (Vaults:1)
  8 vault guards (D:14)
  19 hydras
  A rakshasa (Vaults:1)
  The ghost of Santreim the Cleaver, a journeyman MiFi of the Shining One (Orc:2)
  16 naga warriors
  3 ice dragons
  12 anacondas
  7 centaur warriors
  An ogre mage (Volcano)
  7 alligators
  6 death yaks
  The ghost of Trampli the Cleaver, a novice HOFi of Makhleb (D:9)
  24 dancing weapons
  A deep troll shaman (Vaults:1)
  A vampire mage (D:15)
  3 deep troll earth magi (Vaults:1)
  2 spriggan berserkers (Swamp:4)
  A thrashing horror (Abyss:3)
  6 orc high priests
  22 naga sharpshooters
  4 shock serpents (Snake:4)
  16 deep elf knights
  Sonja (D:15)
  5 spriggans
  A soul eater (Orc:2)
  A sixfirhy (Orc:2)
  2 skeletal warriors (D:15)
  A wretched star (Abyss:3)
  A hell knight (Volcano)
  2 unseen horrors
  3 infernal demonspawn (Orc:2)
  5 shambling mangroves
  A deep troll (Vaults:1)
  A spatial maelstrom (Abyss:3)
  A spriggan druid (Swamp:3)
  3 glowing orange brains
  3 ironbrand convokers (Vaults:1)
  17 deep elf archers
  3 naga ritualists
  13 swamp dragons
  5 hill giants
  2 wizards
  A wolf spider (Lair:6)
  7 orc knights
  A necromancer (D:15)
  17 ugly things
  51 deep elf magi
  7 orc sorcerers (Orc:2)
  10 mana vipers
  11 salamanders
  4 manticores
  A centaur zombie (D:14)
  4 large abominations (Abyss:3)
  2 frost giant zombies (D:15)
  4 cyclopes
  9 elephants (Lair:5)
  A cyclops (shapeshifter) (Elf:2)
  A black mamba (shapeshifter) (D:13)
  A rust devil (Orc:2)
  35 black mambas
  7 guardian serpents
  20 naga magi
  2 smoke demons (Abyss:3)
  2 ice statues (IceCv)
  A vault sentinel (Vaults:1)
  A gargoyle (D:14)
  An orange demon (Orc:2)
  21 spiny frogs
  An efreet (Abyss:3)
  A hellion (Abyss:3)
  5 centaur skeletons
  A hellwing (Orc:2)
  3 rime drakes
  27 yaktaurs
  A yaktaur (shapeshifter) (Abyss:3)
  A kobold demonologist (D:9)
  3 freezing wraiths (Vaults:1)
  8 komodo dragons
  A tormentor (Abyss:3)
  A harpy zombie (D:15)
  An ice devil (Orc:2)
  An ancient zyme (Abyss:3)
  2 polar bears (Lair:5)
  A tengu conjurer (D:15)
  A queen bee (shapeshifter) (D:13)
  7 trolls
  17 hornets
  A two-headed ogre (shapeshifter) (Abyss:3)
  9 tyrant leeches
  Prince Ribbit (D:6)
  11 bog bodies
  13 raiju (Abyss:3)
  9 two-headed ogres
  A deep troll zombie (D:15)
  8 hippogriffs
  11 blink frogs
  2 meliai zombies
  7 dream sheep (Lair:6)
  A human simulacrum (Vaults:1)
  A centaur simulacrum (D:14)
  5 flying skulls (Abyss:3)
  4 air elementals
  2 redbacks (Lair:6)
  36 yaks
  2 ynoxinuls
  A vampire (D:15)
  Sigmund (D:6)
  2 shadows (Swamp:4)
  4 water elementals
  14 wyverns
  2 hogs
  A human (D:13)
  4 wraiths
  Eustachio (D:6)
  A hog (shapeshifter) (Vaults:1)
  2 golden eyes (shapeshifter)
  3 chaos spawn
  2 fire elementals (Elf:3)
  2 basilisks
  A steam dragon (D:11)
  2 hungry ghosts
  5 golden eyes (Abyss:3)
  A basilisk (shapeshifter) (Elf:2)
  28 vampire mosquitoes
  Grum (D:11)
  4 neqoxecs (Abyss:3)
  3 small abominations
  4 insubstantial wisps (Swamp:4)
  3 spatial vortices (Abyss:3)
  69 nagas
  Menkaure (D:7)
  A mottled dragon (shapeshifter) (Elf:3)
  10 swamp worms
  4 mottled dragons
  2 wargs (Orc:2)
  Duvessa (D:6)
  2 soldier ants
  5 hell hounds
  20 water moccasins
  A floating eye (shapeshifter) (Elf:3)
  6 porcupines
  A black bear (Lair:1)
  8 ice beasts
  6 sky beasts
  An ettin simulacrum (Abyss:3)
  44 orc warriors
  A black bear (shapeshifter) (Vaults:1)
  10 swamp drakes
  4 phantoms
  An eye of draining (D:10)
  19 ogres
  12 boggarts
  2 wolves (D:11)
  8 centaurs
  12 crocodiles
  A big kobold (D:11)
  16 bullfrogs
  4 earth elementals
  Dowan (D:6)
  7 scorpions
  A scorpion (shapeshifter) (Vaults:1)
  8 killer bees
  8 wights
  An electric eel (Lair:5)
  A howler monkey (D:4)
  7 crimson imps
  3 bullfrog zombies
  4 lava snakes
  13 starcursed masses (Abyss:3)
  23 orc priests
  Crazy Yiuf (D:2)
  5 hounds
  5 jellies
  3 gnoll shamans
  14 orc wizards
  Terence (D:3)
  Jessica (D:3)
  2 bullfrog skeletons
  3 iguanas
  15 worker ants
  2 killer bee zombies
  A hound skeleton (D:7)
  A worker ant zombie (D:6)
  Robin (D:2)
  A howler monkey skeleton (D:11)
  22 adders
  16 gnolls
  4 shadow imps
  5 oozes
  2 adder skeletons (D:4)
  An adder zombie (D:7)
  3 worms
  A dart slug (D:3)
  8 leopard geckos
  103 orcs
  3 ball pythons
  8 bats
  6 giant cockroaches
  16 goblins
  8 hobgoblins
  10 jackals
  10 kobolds
  7 quokkas
  2 frilled lizards
  A jackal skeleton (D:5)
  2 quokka skeletons
  A quokka zombie (D:7)
  5 rats
  2 crawling corpses (Elf:3)
  2 fungi
  2 starspawn tentacles (Abyss:3)
1499 creatures vanquished.

Vanquished Creatures (others)
  A tyrant leech (Swamp:4)
  A bullfrog (Vaults:1)
  2 orcs
  14 fungi (Lair:6)
  19 plants (Lair:6)
  9 starspawn tentacles (Abyss:3)
46 creatures vanquished.

Grand Total: 1545 creatures vanquished

Notes
Turn   | Place    | Note
-------+----------+-------------------------------------------
     0 | D:1      | galech the Minotaur Fighter began the quest for the Orb.
     0 | D:1      | Reached XP level 1. HP: 19/19 MP: 0/0
   140 | D:1      | Reached XP level 2. HP: 27/27 MP: 1/1
   502 | D:2      | Reached XP level 3. HP: 31/33 MP: 2/2
   736 | D:2      | You fall through a shaft!
  1060 | D:2      | Noticed Robin
  1071 | D:2      | Reached XP level 4. HP: 39/40 MP: 3/3
  1076 | D:2      | Reached skill level 4 in Shields
  1094 | D:2      | Killed Robin
  1270 | D:2      | Found a runed door.
  1274 | D:2      | Noticed Crazy Yiuf
  1279 | D:2      | Killed Crazy Yiuf
  1463 | D:3      | Noticed an ogre
  1466 | D:3      | Noticed Terence
  1473 | D:3      | Killed an ogre
  1473 | D:3      | Reached XP level 5. HP: 20/47 MP: 4/4
  1475 | D:3      | Killed Terence
  1475 | D:3      | Reached skill level 1 in Dodging
  1614 | D:3      | Reached skill level 5 in Long Blades
  1676 | D:3      | Noticed Jessica
  1680 | D:3      | Killed Jessica
  1680 | D:3      | Reached XP level 6. HP: 55/55 MP: 5/5
  1932 | D:4      | Reached skill level 5 in Fighting
  2216 | D:4      | Found Fuxonn's Antique Armour Shop.
  2288 | D:4      | Reached skill level 5 in Armour
  2288 | D:4      | Reached skill level 5 in Shields
  2314 | D:4      | Reached XP level 7. HP: 59/61 MP: 6/6
  2929 | D:4      | Bought a runed hat for 250 gold pieces
  3011 | D:5      | Entered Level 5 of the Dungeon
  3011 | D:5      | Found a shattered altar of Ashenzari.
  3144 | D:5      | Found Numypic's Assorted Antiques.
  3430 | D:5      | Reached XP level 8. HP: 51/68 MP: 7/7
  3542 | D:5      | Reached skill level 6 in Shields
  3875 | D:6      | Noticed Duvessa
  3876 | D:6      | Noticed Dowan
  3898 | D:6      | Killed Duvessa
  4060 | D:6      | Killed Dowan
  4186 | D:6      | Reached skill level 1 in Stealth
  4199 | D:6      | Noticed Sigmund
  4331 | D:6      | Killed Sigmund
  4331 | D:6      | Reached skill level 7 in Shields
  4331 | D:6      | Reached XP level 9. HP: 19/75 MP: 8/8
  4615 | D:6      | Found a white marble altar of Elyvilon.
  4678 | D:6      | Noticed Eustachio
  4963 | D:6      | Killed Eustachio
  4988 | D:6      | Noticed Prince Ribbit
  5715 | D:6      | Gained mutation: You are partially covered in large bone plates. (SH +4) [mutagenic meat]
  5716 | D:6      | Gained mutation: Your body sometimes deteriorates upon taking damage. [mutagenic meat]
  5717 | D:6      | Gained mutation: You are dopey. (Int -2) [mutagenic meat]
  5718 | D:6      | Gained mutation: You expend magic power (3 MP) to strengthen your wands. [mutagenic meat]
  5981 | D:6      | Killed Prince Ribbit
  6081 | D:7      | Reached skill level 10 in Long Blades
  6097 | D:7      | Found a staircase to the Ecumenical Temple.
  6102 | Temple   | Entered the Ecumenical Temple
  6141 | Temple   | Became a worshipper of Makhleb the Destroyer
  6207 | D:7      | Found a sparkling altar of Nemelex Xobeh.
  6222 | D:7      | Reached skill level 8 in Shields
  6307 | D:7      | Noticed Menkaure
  6312 | D:7      | Killed Menkaure
  7672 | D:8      | Found a staircase to the Lair.
  7677 | D:8      | Reached * piety under Makhleb
  7740 | D:8      | Reached skill level 9 in Shields
  7912 | D:8      | Reached XP level 10. HP: 83/84 MP: 9/9
  8522 | D:9      | Noticed Trampli's ghost (novice HOFi)
  8547 | D:10     | Entered Level 10 of the Dungeon
  9029 | D:10     | Reached ** piety under Makhleb
  9062 | D:10     | Reached skill level 10 in Shields
  9277 | D:11     | Reached skill level 11 in Shields
  9306 | D:11     | Killed an unseen horror
  9306 | D:11     | Reached XP level 11. HP: 74/94 MP: 10/10
  9454 | D:11     | Noticed a hill giant
  9463 | D:11     | Killed a hill giant
  9515 | D:11     | Noticed a deep elf mage
  9523 | D:11     | Killed a deep elf mage
  9523 | D:11     | Reached skill level 5 in Dodging
  9580 | D:11     | Noticed a four-headed hydra
  9588 | D:11     | Killed a seven-headed hydra
  9641 | D:11     | Noticed Grum
  9654 | D:11     | Killed Grum
 10182 | D:12     | Reached *** piety under Makhleb
 10269 | D:9      | Killed Trampli's ghost
 10269 | D:9      | Reached skill level 12 in Shields
 10789 | D:9      | Gained mutation: You are covered in fur. (AC +1) [mutagenic meat]
 10790 | D:9      | Gained mutation: You passively map a small area around you. [mutagenic meat]
 10791 | D:9      | Gained mutation: You are mostly covered in large bone plates. (SH +6) [mutagenic meat]
 10792 | D:9      | Gained mutation: Your movements are slightly less encumbered by armour. (ER -2) [mutagenic meat]
 10793 | D:9      | Lost mutation: You are mostly covered in large bone plates. (SH +6) [mutagenic meat]
 10836 | D:9      | Gained mutation: You have sharp toenails. [mutagenic meat]
 11043 | D:9      | Reached **** piety under Makhleb
 11293 | D:9      | Found a staircase to the Orcish Mines.
 11395 | Lair:1   | Entered Level 1 of the Lair of Beasts
 11679 | Lair:1   | Found a dark tunnel.
 11685 | Volcano  | Entered a volcano
 11717 | Volcano  | Noticed a hell knight
 11728 | Volcano  | Killed a hell knight
 11764 | Volcano  | Noticed an ogre mage
 11768 | Volcano  | Reached XP level 12. HP: 58/105 MP: 11/11
 11771 | Volcano  | Killed an ogre mage
 11771 | Volcano  | Reached skill level 13 in Shields
 12684 | Lair:2   | Noticed Gastronok
 12696 | Lair:2   | Killed Gastronok
 12696 | Lair:2   | Reached skill level 10 in Fighting
 12696 | Lair:2   | Reached skill level 10 in Armour
 13053 | Lair:3   | Found a staircase to the Snake Pit.
 13161 | Lair:3   | Reached ***** piety under Makhleb
 13433 | Lair:3   | Reached skill level 14 in Shields
 13660 | Lair:3   | Found a staircase to the Swamp.
 14207 | Lair:4   | Noticed Rupert
 14220 | Lair:4   | Killed Rupert
 14704 | Lair:5   | Noticed a death yak
 14704 | Lair:5   | Noticed a death yak
 14704 | Lair:5   | Noticed a death yak
 14705 | Lair:5   | Noticed a death yak
 14706 | Lair:5   | Noticed a death yak
 14707 | Lair:5   | Noticed a death yak
 14722 | Lair:4   | Killed a death yak
 14722 | Lair:4   | Reached XP level 13. HP: 83/114 MP: 12/12
 14772 | Lair:5   | Reached skill level 15 in Shields
 14801 | Lair:5   | Reached skill level 15 in Long Blades
 14849 | Lair:5   | Found a staircase to the Slime Pits.
 14850 | Lair:5   | Found a viscous altar of Jiyva.
 15117 | Lair:5   | Found a frozen archway.
 15157 | IceCv    | Entered an ice cave
 15217 | IceCv    | Reached skill level 16 in Shields
 15791 | Lair:6   | Entered Level 6 of the Lair of Beasts
 16045 | Lair:6   | Got a heavily runed jade ring
 16051 | Lair:6   | Identified the ring "Ydyron" {rCorr MP+9} (You found it on level 6 of the Lair of Beasts)
 16385 | Lair:6   | Reached XP level 14. HP: 125/125 MP: 13/13
 16404 | Lair:6   | Reached ****** piety under Makhleb
 17114 | Lair:1   | Reached skill level 17 in Shields
 17276 | Orc:1    | Entered Level 1 of the Orcish Mines
 17441 | Orc:2    | Entered Level 2 of the Orcish Mines
 17457 | Orc:2    | Found a staircase to the Elven Halls.
 18171 | Orc:2    | Found Nisyigg's General Store.
 18198 | Orc:2    | Found Virinwea's Magic Scroll Shoppe.
 18524 | Orc:2    | Found Gelenapt's Book Shop.
 18524 | Orc:2    | Found a one-way gate leading to the halls of Pandemonium.
 18524 | Orc:2    | Found Qixeikana's Antique Weapon Boutique.
 18532 | Orc:2    | Paralysed by an orc sorcerer for 7 turns
 18546 | Orc:2    | Reached skill level 18 in Shields
 18767 | Orc:2    | Noticed an orc warlord
 18786 | Orc:2    | Killed an orc warlord
 19028 | Orc:2    | Noticed Santreim's ghost (journeyman MiFi)
 19036 | Orc:2    | Killed Santreim's ghost
 19162 | Orc:2    | Bought a scroll of enchant weapon for 112 gold pieces
 19162 | Orc:2    | Bought a scroll of acquirement for 780 gold pieces
 19162 | Orc:2    | Bought a scroll of enchant weapon for 112 gold pieces
 19258 | Orc:1    | Found Ducvaor's Book Shoppe.
 20088 | D:12     | Reached XP level 15. HP: 135/135 MP: 14/14
 20902 | D:13     | Found a sparkling altar of Nemelex Xobeh.
 21394 | D:14     | Found a gate to the Vaults.
 21447 | D:14     | Reached skill level 19 in Shields
 21748 | D:14     | Got a fine cloak
 21759 | D:14     | Identified the cursed -1 cloak of Restlessness {*Slow rF+ rCorr} (You found it on level 14 of the Dungeon)
 21896 | D:14     | Found a sacrificial altar of Ru.
 21917 | D:14     | Found a roughly hewn altar of Beogh.
 22246 | D:15     | Entered Level 15 of the Dungeon
 22363 | D:15     | Found a staircase to the Depths.
 22419 | D:15     | Reached skill level 20 in Shields
 22637 | D:15     | Noticed Sonja
 22644 | D:15     | Killed Sonja
 22813 | D:15     | Found a sacrificial altar of Ru.
 22889 | D:15     | Reached XP level 16. HP: 146/146 MP: 15/15
 23376 | Snake:1  | Entered Level 1 of the Snake Pit
 23895 | Snake:1  | Noticed Aizul
 23915 | Snake:1  | Killed Aizul
 23958 | Snake:1  | Noticed Louise
 24377 | Snake:1  | Cast into level 3 of the Abyss (Louise)
 24377 | Abyss:3  | Found a corrupted altar of Lugonu.
 24436 | Abyss:3  | Found a shimmering altar of Xom.
 24436 | Abyss:3  | Found a shimmering altar of Xom.
 24436 | Abyss:3  | Found a shimmering altar of Xom.
 24436 | Abyss:3  | Found a shimmering altar of Xom.
 24436 | Abyss:3  | Found a corrupted altar of Lugonu.
 24436 | Abyss:3  | Found a shimmering altar of Xom.
 24436 | Abyss:3  | Found a shimmering altar of Xom.
 24437 | Abyss:3  | Found a shimmering altar of Xom.
 24437 | Abyss:3  | Found a shimmering altar of Xom.
 24437 | Abyss:3  | Found a shimmering altar of Xom.
 24437 | Abyss:3  | Found a shimmering altar of Xom.
 24438 | Abyss:3  | Found a shimmering altar of Xom.
 24467 | Abyss:3  | Noticed a tentacled starspawn
 24474 | Abyss:3  | Killed a tentacled starspawn
 24522 | Abyss:3  | Reached skill level 21 in Shields
 24598 | Abyss:3  | Gained mutation: You regenerate slowly when monsters are visible. [a neqoxec]
 24628 | Abyss:3  | Found a corrupted altar of Lugonu.
 24705 | Abyss:3  | Noticed a tentacled starspawn
 24711 | Abyss:3  | Killed a tentacled starspawn
 24734 | Snake:1  | Escaped the Abyss
 24750 | Snake:1  | Killed Louise
 24951 | Snake:2  | Reached skill level 15 in Fighting
 25133 | Snake:2  | Noticed Frances
 25167 | Snake:2  | Killed Frances
 25236 | Snake:2  | Noticed Jorgrun
 25251 | Snake:2  | Killed Jorgrun
 25278 | Snake:2  | Noticed Vashnia
 25314 | Snake:2  | Killed Vashnia
 25314 | Snake:2  | Reached XP level 17. HP: 99/156 MP: 16/16
 25827 | Snake:3  | Reached skill level 22 in Shields
 26392 | Snake:4  | Entered Level 4 of the Snake Pit
 26985 | Snake:4  | Found Gucw's Food Emporium.
 27600 | Snake:4  | Found a hide-covered altar of Uskayaw.
 28144 | Snake:4  | Reached skill level 23 in Shields
 28240 | Snake:4  | Got a serpentine rune of Zot
 28507 | Snake:4  | Reached XP level 18. HP: 165/166 MP: 17/17
 28745 | Swamp:1  | Entered Level 1 of the Swamp
 29036 | Swamp:1  | Found an ancient bone altar of Kikubaaqudgha.
 30800 | Swamp:4  | Entered Level 4 of the Swamp
 31082 | Swamp:4  | Reached skill level 24 in Shields
 32125 | Swamp:4  | Got a decaying rune of Zot
 32815 | Elf:1    | Entered Level 1 of the Elven Halls
 32907 | Elf:1    | Noticed SkullSpatter's ghost (adept MiBe)
 32931 | Elf:1    | Killed SkullSpatter's ghost
 33329 | Elf:1    | Found Neaji's Food Shoppe.
 33632 | Elf:1    | Reached skill level 15 in Armour
 33640 | Elf:1    | Reached XP level 19. HP: 177/177 MP: 18/18
 34247 | Elf:2    | Found a runed gate.
 34248 | Elf:2    | Found a runed gate.
 34277 | Elf:2    | Found a runed gate.
 34594 | Elf:2    | Reached skill level 25 in Shields
 34919 | Elf:3    | Entered Level 3 of the Elven Halls
 36843 | Vaults:1 | Entered Level 1 of the Vaults
 37630 | Vaults:1 | Reached XP level 20. HP: 172/188 MP: 19/19
 37668 | Vaults:1 | Reached skill level 26 in Shields
 37689 | Vaults:1 | Found a flickering gateway to a bazaar.
 37703 | Bazaar   | Entered a bazaar
 37703 | Bazaar   | Found Igamnecirch's Book Emporium.
 37703 | Bazaar   | Found Dereyt's General Store.
 37704 | Bazaar   | Found Ibronag's Armour Shoppe.
 37704 | Bazaar   | Found Luuhutto's Antique Weapon Shoppe.
 37730 | Bazaar   | Bought a potion of heal wounds for 60 gold pieces
 37730 | Bazaar   | Bought a scroll of identify for 24 gold pieces
 40030 | Elf:3    | Cast into level 3 of the Abyss (a deep elf sorcerer)
 40058 | Abyss:3  | Found a corrupted altar of Lugonu.
 40114 | Abyss:3  | Noticed a bone dragon
 40136 | Abyss:3  | Killed a bone dragon
 40348 | Abyss:3  | Lost intelligence.
 40383 | Abyss:3  | HP: 6/189 [raiju/living lightning (8)]
 40383 | Abyss:3  | Killed from afar by a raiju

Skill      XL: |  1  2  3  4  5  6  7  8  9 10 11 12 13 14 15 16 17 18 19 20 |
---------------+-------------------------------------------------------------+-----
Armour         | 4 5 6 7 8 9 10 11 12 13 14 15 | 15.8
Fighting       | 4 5 6 8 9 10 11 13 14 15 16 17 18 | 18.9
Long Blades    | 3 4 5 6 7 9 10 12 13 14 15 16 17 18 19 20 | 20.2
Shields        | 4 5 7 9 11 12 14 16 18 20 21 23 24 25 26 | 26.7
Dodging        | 1 2 3 4 5 6 7 |  7.1
Stealth        | 1 2 |  2.7

Action                   |  1- 3 |  4- 6 |  7- 9 | 10-12 | 13-15 | 16-18 | 19-21 || total
-------------------------+-------+-------+-------+-------+-------+-------+-------++-------
Melee: Long sword        |   102 |   109 |   376 |       |       |       |       ||   587
       Headbutt          |    16 |    17 |    83 |    97 |   275 |   418 |   341 ||  1247
       Scimitar          |       |       |    64 |   472 |  1229 |  1597 |   304 ||  3666
       Kick              |       |       |       |    17 |       |       |       ||    17
       Double sword      |       |       |       |       |       |       |   858 ||   858
  Use: Potion            |       |     1 |       |       |       |     1 |     5 ||     7
       Scroll            |       |       |    13 |    13 |     8 |    15 |    13 ||    62
  Eat: Chunk             |     1 |     4 |    18 |    21 |    22 |    11 |    19 ||    96
       Bread ration      |       |       |     1 |     2 |     1 |     4 |     1 ||     9
       Royal jelly       |       |       |       |       |       |     1 |       ||     1
       Beef jerky        |       |       |       |       |       |     4 |       ||     4
Armor: Scale mail        |    70 |    45 |    98 |    32 |       |       |       ||   245
       Plate armour      |       |       |       |    47 |   303 |   208 |       ||   558
       Crystal plate arm |       |       |       |       |       |   157 |   365 ||   522
Dodge: Dodged            |    38 |    36 |    66 |    45 |   142 |   233 |   159 ||   719
Block: Shield            |    51 |    63 |       |       |       |       |       ||   114
       Large shield      |       |     4 |   357 |   439 |  1213 |  1824 |  1226 ||  5063
       Rpst.: Long sword |     6 |     8 |    14 |       |       |       |       ||    28
       Scimitar          |       |       |     2 |     7 |    20 |    30 |     9 ||    68
       Double sword      |       |       |       |       |       |       |     9 ||     9
